 Dungeon Crawl Stone Soup version 0.29.1-12-g30fa7ad0bf (webtiles) character file.

Game seed: 15505594548838302523

13588 miahnora the Cleaver (level 11, -1/100 HPs)
             Began as a Minotaur Berserker on Dec 12, 2022.
             Was a Priest of Trog.
             Slain by a boulder beetle (13 damage)
             ... on level 12 of the Dungeon.
             The game lasted 01:03:41 (12732 turns).

miahnora the Cleaver (Minotaur Berserker)          Turns: 12732, Time: 01:03:41

Health: -1/100     AC: 21    Str: 31    XL:     11   Next: 77%
Magic:  10/10      EV: 23    Int:  4    God:    Trog [***...]
Gold:   455        SH:  9    Dex: 11    Spells: 10/10 levels left

rFire   . . .      SeeInvis .   u - +2 hand axe (freeze)
rCold   . . .      Faith    .   F - +0 kite shield
rNeg    + . .      Spirit   .   U - +0 plate armour
rPois   .          Reflect  .   (helmet restricted)
rElec   .          Harm     .   e - +2 cloak
rCorr   .          Rampage  .   (no gloves)
Will    .....                   K - +0 pair of boots
Stlth   ..........              A - amulet of the acrobat
HPRegen 0.26/turn               Y - +6 ring of strength
MPRegen 0.12/turn               V - ring of positive energy

@: on berserk cooldown, acrobatic, slowed, studying Shields, very slow
A: horns 2, retaliatory headbutt
a: Renounce Religion, Berserk, Trog's Hand


You were on level 12 of the Dungeon.
You worshipped Trog.
Trog was most pleased with you.
You visited 1 branch of the dungeon, and saw 12 of its levels.

You collected 585 gold pieces.
You spent 130 gold pieces at shops.

Inventory:

Hand Weapons
 c - a +2 dagger of speed
 u - a +2 hand axe of freezing (weapon)
 I - a +3 short sword
 O - a +9 spear
 X - a +1 dire flail of protection
Armour
 e - a +2 cloak (worn)
 F - a +0 kite shield (worn)
 H - a +0 troll leather armour
 K - a +0 pair of boots (worn)
 N - +0 steam dragon scales
 U - a +0 plate armour (worn)
Jewellery
 A - an amulet of the acrobat (around neck)
 D - a ring of poison resistance
 M - a ring of poison resistance
 V - a ring of positive energy (right hand)
 W - a +6 ring of intelligence
 Y - a +6 ring of strength (left hand)
Wands
 w - a wand of polymorph (4)
 C - a wand of flame (35)
 J - a wand of digging (2)
 L - a wand of mindburst (14)
 Q - a wand of iceblast (5)
 T - a wand of acid (8)
Scrolls
 b - a scroll of identify
 d - a scroll of noise
 h - 2 scrolls of silence
 l - a scroll of magic mapping
 m - 2 scrolls of vulnerability
 o - a scroll of torment
 p - 6 scrolls of teleportation
 q - 5 scrolls of immolation
 y - a scroll of poison {unknown}
 z - a scroll of brand weapon {unknown}
 E - 2 scrolls of summoning
 G - 2 scrolls of blinking
 P - a scroll of butterflies
 S - a scroll of enchant weapon {unknown}
Potions
 a - a potion of might {unknown}
 f - 4 potions of lignification {unknown}
 g - 3 potions of degeneration
 i - 7 potions of brilliance
 j - 4 potions of curing {unknown}
 k - a potion of ambrosia {unknown}
 n - 3 potions of flight {unknown}
 r - 3 potions of haste {unknown}
 s - 5 potions of heal wounds {unknown}
 t - 2 potions of mutation {unknown}
 v - 2 potions of invisibility {unknown}
 x - a potion of berserk rage {unknown}
 B - 3 potions of magic {unknown}
Miscellaneous
 R - a condenser vane


   Skills:
 + Level 10.2 Fighting
 + Level 14.0 Axes
 + Level 13.1 Armour
 + Level 5.2 Dodging
 + Level 1.8 Stealth
 + Level 7.2 Shields
 + Level 0.8 Unarmed Combat


You had 10 spell levels left.
You didn't know any spells.
Your spell library contained the following spells:

 Spells                   Type           Power      Damage    Failure   Level
 Dazzling Flash           Conj/Hex       0%         N/A       100%        3
 Agony                    Necr           0%         N/A       100%        5
 Silence                  Hex/Air        0%         N/A       100%        5


Dungeon Overview and Level Annotations

Branches:
Dungeon (12/15)            Temple (0/1) D:5            Lair (0/5) D:11
    Orc (0/2) D:12

Altars:
Xom
Zin
The Shining One

Shops:
D:7 *   D:11 [?=

Annotations:
D:3 1 runed translucent door, Jingleheimer's ghost, amateur MiGl
D:5 3 runed translucent doors, DandyGuy's ghost, novice MiBe


Innate Abilities, Weirdness & Mutations

You have a pair of horns on your head.
You reflexively headbutt those who attack you in melee.


Message History

You hit the boulder beetle but do no damage.
You headbutt the boulder beetle, but do no damage.
The boulder beetle is moderately wounded.
The boulder beetle barely misses you. You furiously retaliate!
You headbutt the boulder beetle, but do no damage.
You completely miss the boulder beetle. You headbutt the boulder beetle.
The boulder beetle is moderately wounded.
You hit the boulder beetle but do no damage.
The boulder beetle is moderately wounded.
You block the boulder beetle's attack.
You barely miss the boulder beetle.
You headbutt the boulder beetle, but do no damage.
The boulder beetle is moderately wounded.
You hit the boulder beetle but do no damage.
You headbutt the boulder beetle!
The boulder beetle is heavily wounded.
The boulder beetle leaps!
The boulder beetle leaps!
You feel a strong urge to attack something.
Your skin stops crawling.
You feel less strong-willed.
The boulder beetle curls into a ball and begins rolling!
You feel your anger nearly subside.
You are no longer berserk.
You are exhausted.
You feel yourself slow down. The boulder beetle hits you!
The boulder beetle stops rolling and uncurls.
You hit the boulder beetle. You freeze the boulder beetle.
The boulder beetle is heavily wounded.
The boulder beetle bites you!!
* * * LOW HITPOINT WARNING * * *
Unknown command.
The boulder beetle attacks as you move away!
You block the boulder beetle's attack.
The boulder beetle curls into a ball and begins rolling!
You block the boulder beetle's attack.
The boulder beetle stops rolling and uncurls.
The boulder beetle attacks as you move away!
You block the boulder beetle's attack.
The boulder beetle attacks as you move away!
The boulder beetle bites you!
You die...

######## ##......##
##<.......##
#..........#
#..........#
#..........#
...#######..........#
........)..@........#
.....#####.B.......# ...
#............## .
#....††.......#
.#...†..†......########
#..........^............
##......................
#......................
##..............#.....#


You could see a boulder beetle.

Vanquished Creatures
  A hydra (D:12)
  2 two-headed ogres
  Pikel (D:9)
  A deep elf pyromancer (D:9)
  A cyclops (D:11)
  Joseph (D:8)
  Psyche (D:11)
  A komodo dragon (D:10)
  A troll (D:9)
  A shadow (D:12)
  2 wyverns (D:10)
  A wraith (D:12)
  15 yaks
  Grum (D:8)
  A steam dragon (D:9)
  12 vampire mosquitoes
  An acid dragon (D:11)
  An orc warrior (D:10)
  Duvessa (D:6)
  6 black bears
  4 ice beasts (D:7)
  A sky beast (D:4)
  2 wolves (D:8)
  An ogre (D:6)
  8 centaurs
  4 lemures (D:8)
  A kobold brigand (D:5)
  2 phantoms (D:6)
  Blork the orc (D:6)
  2 gnoll sergeants
  4 bullfrogs
  3 necrophages
  7 scorpions
  3 wights (D:8)
  Dowan (D:6)
  9 killer bees
  2 howler monkeys
  5 hounds
  2 jellies
  3 orc priests
  4 iguanas
  11 orc wizards
  13 gnolls
  6 adders
  2 white imps (D:6)
  An ufetubus (D:5)
  2 worms
  A dart slug (D:3)
  38 orcs
  2 bats (D:2)
  2 endoplasms
  A giant cockroach (D:3)
  A goblin (D:3)
  4 hobgoblins
  2 quokkas
  10 ball pythons
  2 frilled lizards (D:3)
  11 kobolds
  6 rats
236 creatures vanquished.

Notes
Turn   | Place    | Note
-------+----------+-------------------------------------------
     0 | D:1      | miahnora the Minotaur Berserker began the quest for the
                  | Orb.
     0 | D:1      | Reached XP level 1. HP: 19/19 MP: 0/0
  1096 | D:2      | Reached XP level 2. HP: 27/27 MP: 1/1
  1159 | D:2      | Reached skill level 4 in Axes
  1657 | D:2      | Reached XP level 3. HP: 33/33 MP: 2/2
  2133 | D:3      | Reached ** piety under Trog
  2155 | D:3      | Found a faded altar of an unknown god.
  2545 | D:3      | Noticed a scorpion
  2615 | D:3      | Killed a scorpion
  2616 | D:3      | Reached skill level 5 in Axes
  2616 | D:3      | Reached XP level 4. HP: 17/41 MP: 3/3
  3120 | D:3      | Found a runed translucent door.
  3164 | D:3      | Reached XP level 5. HP: 38/47 MP: 4/4
  3644 | D:3      | Noticed Jingleheimer's ghost (amateur MiGl)
  3920 | D:4      | Reached XP level 6. HP: 55/55 MP: 5/5
  3947 | D:4      | Reached skill level 5 in Fighting
  3947 | D:4      | Reached skill level 6 in Axes
  4045 | D:4      | Noticed a sky beast
  4051 | D:4      | Killed a sky beast
  4052 | D:4      | Reached skill level 5 in Armour
  4461 | D:4      | Reached XP level 7. HP: 60/61 MP: 6/6
  4936 | D:4      | Reached skill level 7 in Axes
  4936 | D:4      | Reached skill level 1 in Stealth
  5136 | D:5      | Entered Level 5 of the Dungeon
  5307 | D:5      | Found a runed translucent gate.
  5307 | D:5      | Found a runed translucent gate.
  5307 | D:5      | Found a runed translucent gate.
  5361 | D:5      | Reached skill level 8 in Axes
  5395 | D:5      | Noticed DandyGuy's ghost (novice MiBe)
  5453 | D:5      | Reached XP level 8. HP: 70/70 MP: 7/7
  5458 | D:5      | Found a staircase to the Ecumenical Temple.
  5459 | D:5      | Reached *** piety under Trog
  5610 | D:5      | Found a shimmering altar of Xom.
  5610 | D:5      | Found a glowing golden altar of the Shining One.
  5612 | D:5      | Found a glowing silver altar of Zin.
  5632 | D:5      | Reached skill level 9 in Axes
  5980 | D:6      | Noticed Duvessa
  5980 | D:6      | Noticed Dowan
  5987 | D:6      | Killed Dowan
  5992 | D:6      | Killed Duvessa
  6393 | D:6      | Noticed Blork the orc
  6405 | D:6      | Killed Blork the orc
  6533 | D:6      | Reached skill level 10 in Axes
  6622 | D:6      | Reached XP level 9. HP: 79/79 MP: 8/8
  7223 | D:7      | Reached skill level 11 in Axes
  7416 | D:7      | Found Raigg's Assorted Antiques.
  7423 | D:7      | Bought a scroll of identify for 58 gold pieces
  7738 | D:8      | Noticed Joseph
  7757 | D:8      | Killed Joseph
  8167 | D:8      | Noticed Grum
  8169 | D:8      | Noticed a two-headed ogre
  8174 | D:8      | Reached skill level 10 in Armour
  8174 | D:8      | Reached skill level 1 in Shields
  8175 | D:8      | Reached XP level 10. HP: 41/88 MP: 9/9
  8181 | D:8      | Killed a two-headed ogre
  8186 | D:8      | Killed Grum
  8200 | D:8      | Noticed Pikel
  9304 | D:9      | Reached skill level 12 in Axes
  9399 | D:9      | Killed Pikel
  9547 | D:9      | Noticed a deep elf pyromancer
  9552 | D:9      | Killed a deep elf pyromancer
  9773 | D:9      | Identified the +0 leather armour "Ecaixtez" {rC+ Regen+
                  | Dex-2}
 10039 | D:10     | Entered Level 10 of the Dungeon
 10534 | D:10     | Reached XP level 11. HP: 54/97 MP: 10/10
 11016 | D:11     | Noticed Psyche
 11033 | D:11     | Killed Psyche
 11034 | D:11     | Reached skill level 13 in Axes
 11134 | D:11     | Reached skill level 5 in Shields
 11468 | D:11     | Found Qocsy's Magic Scroll Emporium.
 11476 | D:11     | Bought a scroll of identify for 24 gold pieces
 11476 | D:11     | Bought a scroll of identify for 24 gold pieces
 11476 | D:11     | Bought a scroll of identify for 24 gold pieces
 11476 | D:11     | Identified a scroll of acquirement
 11477 | D:11     | Acquired a manual of Shields
 11614 | D:11     | Found Oxazai's Jewellery Emporium.
 11714 | D:11     | Found a staircase to the Lair.
 11854 | D:11     | Found Qulot's Armour Shoppe.
 12484 | D:12     | Noticed a two-headed ogre
 12494 | D:12     | Killed a two-headed ogre
 12522 | D:12     | Found a staircase to the Orcish Mines.
 12524 | D:12     | Noticed a five-headed hydra
 12549 | D:12     | Killed a nine-headed hydra
 12630 | D:12     | Reached skill level 10 in Fighting
 12632 | D:12     | Reached skill level 5 in Dodging
 12636 | D:12     | Reached **** piety under Trog
 12641 | D:12     | Reached skill level 14 in Axes
 12693 | D:12     | Noticed a boulder beetle
 12732 | D:12     | Slain by a boulder beetle

Illustrated notes

Levels and vault maps discovered:
D:1:      dpeg_arrival_circle_labyrinth_a, layout_basic,
          nicolae_concentric_dashed_squares_mild, kennysheep_decorative_pillar
D:2:      layout_loops_ring, minmay_misc_feat_alley,
          chequers_serial_rivers_micro_d, serial_park_tiny_pond,
          lightli_corner_chamber
D:3:      layout_loops_ring, ebering_ghost_reflecting_pool,
          dreamdust_ecumenical_altar_angels_and_demons,
          minmay_randomly_rotated_circles
D:4:      layout_basic, minmay_crossroads
D:5:      layout_rooms, chequers_temple_overflow_statue_of_worship,
          minmay_temple_entry_wispy, gammafunk_ghost_icy
D:6:      layout_loops_ring, kennysheep_generic_room_13, uniq_blork_the_orc,
          uniq_duvessa
D:7:      layout_rooms, serial_shops, shop, serial_glass, glass_columns_a,
          glass_columns_a, hangedman_abyss_or_decor_lesser_grid, dk_vineyard_3
D:8:      layout_layer_cave, uniq_pikel, uniq_joseph, uniq_grum
D:9:      layout_gridville
D:10:     layout_long_grid
D:11:     layout_irregular_city, lair_entry_dummy, serial_shops, shop, shop,
          nicolae_shop_crystal, uniq_psyche
D:12:     layout_rooms, orc_0_dummy

Skill      XL: |  1  2  3  4  5  6  7  8  9 10 11 |
---------------+----------------------------------+-----
Fighting       | 4 5 6 7 8 9 10 | 10.2
Axes           | 4 5 6 8 10 11 12 14 | 14.0
Armour         | 3 4 5 7 10 11 13 | 13.1
Dodging        | 3 4 5 |  5.2
Stealth        | 1 |  1.8
Shields        | 1 4 7 |  7.2
Unarmed Combat | |  0.8

Action                   |  1- 3 |  4- 6 |  7- 9 | 10-12 || total
-------------------------+-------+-------+-------+-------++-------
Melee: Hand axe          |    85 |    81 |   281 |   305 ||   752
       Headbutt          |     7 |     6 |    49 |    62 ||   124
       Punch             |       |     2 |     6 |       ||     8
       Unarmed           |       |       |       |     4 ||     4
Invok: Berserk           |       |       |     4 |    11 ||    15
       Trog's Hand       |       |       |     4 |     7 ||    11
  Use: Scroll            |       |       |    10 |     7 ||    17
 Stab: Distracted        |       |     1 |       |       ||     1
Armor: Leather armour    |     4 |       |       |       ||     4
       Animal skin       |     1 |       |       |       ||     1
       Scale mail        |    23 |    28 |       |       ||    51
       Chain mail        |       |       |   169 |    66 ||   235
       Plate armour      |       |       |       |   135 ||   135
       Skin              |       |       |       |     1 ||     1
Dodge: Dodged            |    52 |    42 |   138 |   145 ||   377
Block: Kite shield       |       |       |    26 |   153 ||   179
